 Dungeon Crawl Stone Soup version 0.30.0-29-ga12c61a403 (webtiles) character file.

Game seed: 4685667416139921757

1 Sabo the Trooper (level 1, 18/18 HPs)
             Began as a Demonspawn Monk on June 19, 2023.
             Was an Initiate of Gozag.
             Got out of the dungeon alive.
             The game lasted 00:01:03 (110 turns).

Sabo the Trooper (Demonspawn Monk)                   Turns: 110, Time: 00:01:04

Health: 18/18      AC:  2    Str: 11    XL:     1   Next: 16%
Magic:  1/1        EV: 13    Int: 11    God:    Gozag
Gold:   0          SH:  0    Dex: 15    Spells: 0/0 levels left

rFire   . . .        a - +0 hand axe
rCold   . . .        d - orb {light}
rNeg    . . .        b - +0 robe
rPois   .            (no helmet)
rElec   .            (no cloak)
rCorr   .            (no gloves)
SInv    .            (no boots)
Will    .....        (no amulet)
Stlth   +            (no ring)
HPRegen 0.23/turn    (no ring)
MPRegen 0.07/turn

%: no passive effects
@: glowing
A: no striking features
a: Renounce Religion, Potion Petition, Call Merchant, Bribe Branch


You escaped.
You worshipped Gozag.
Gozag was noncommittal.
You visited 1 branch of the dungeon, and saw 1 of its levels.

Inventory:

Hand Weapons
 a - a +0 hand axe (weapon)
Armour
 b - a +0 robe (worn)
 d - an orb of light (worn)
Potions
 c - a potion of ambrosia


   Skills:
 + Level 3.0 Fighting
 + Level 2.7 Axes
 + Level 2.7 Dodging


You couldn't memorise any spells.
You didn't know any spells.
Your spell library was empty.

Dungeon Overview and Level Annotations

Branches:
Dungeon (1/15)

Altars:
Gozag


Message History

Your unstable footing causes you to fumble your attack.
The spectral kobold barely misses you.
You hit the spectral kobold.
The spectral kobold is almost destroyed.
The spectral kobold closely misses you.
You hit the spectral kobold but do no damage.
The spectral kobold is almost destroyed.
The spectral kobold barely misses you.
Your unstable footing causes you to fumble your attack.
The spectral kobold barely misses you.
Your unstable footing causes you to fumble your attack.
The spectral kobold hits you but does no damage.
Your unstable footing causes you to fumble your attack.
The spectral kobold hits you. The spectral kobold barely misses you.
You hit the spectral kobold.
You destroy the spectral kobold!
You enter the shallow water.
Moving in this stuff is going to be slow.
You enter the shallow water.
Moving in this stuff is going to be slow.
There is a faded altar of an unknown god here.
This altar belongs to (a) Gozag, (b) Okawaru or (c) Xom, but you can't tell which.
Press the corresponding letter to learn more about a god, or press enter to convert or escape to cancel.
Gozag accepts your prayer! Gozag welcomes you!
Gozag waives the service fee.
There is an opulent altar of Gozag here.
You enter the shallow water.
Moving in this stuff is going to be slow.
You enter the shallow water.
Moving in this stuff is going to be slow.
As you open the door, it creaks loudly!
There is an open door here.
You hit the plant.
The plant begins to die.
The plant is lightly damaged.
You enter the shallow water.
Moving in this stuff is going to be slow.
A nearby plant withers and dies.
There is a staircase leading out of the dungeon here.
Are you sure you want to leave the Dungeon?
This will make you lose the game!
You have escaped!

#..#####....†.........
#.....#####....).....#
#.#..##~~~##..........
####.##.#.##≈≈P≈≈##.....#.##
.....##.###≈≈~.~≈~##....# #
#.....#≈~P.8.P~~#....#.#
.#####.##.##~~.....~≈#......#
....#.##..8~.......~8...###.#
.##....~~..'..8.@.8P.'.#.# .
...~~#~#~.#8~.......~8...#
..~~~~8~~###~~.....~≈#....#
~####~~#.# #≈~P.8.P≈≈##..#.#
##~~~~~~~# ##~~~.~~≈## ..##.#
~~~~.~~..# ##≈≈P~≈## ..# #.#
+.~~~~~..# ##≈~~## ..# #
+~~~._#~.# ##### #.#
+..~~.#.~#


There were no monsters in sight!

Vanquished Creatures
  A ball python (D:1)
  A spectral kobold (D:1)
2 creatures vanquished.

Notes
Turn   | Place    | Note
-------+----------+-------------------------------------------
     0 | D:1      | Sabo the Demonspawn Monk began the quest for the Orb.
     0 | D:1      | Reached XP level 1. HP: 18/18 MP: 1/1
    54 | D:1      | Found a faded altar of an unknown god.
    80 | D:1      | Prayed at the altar of an unknown god.
    80 | D:1      | Became a worshipper of Gozag Ym Sagoz the Greedy
   110 | D:$      | Got out of the dungeon alive.

Illustrated notes

Levels and vault maps discovered:
D:1:      lightli_arrival_statuegarden, layout_loops_cross,
          dreamdust_ecumenical_altar_drowned_temple, minmay_split_cup_small

Action                     || total
---------------------------++-------
  Melee: Hand axe          ||    14
 Armour: Robe              ||     2
  Dodge: Dodged            ||     9
